 Dungeon Crawl Stone Soup version 0.29.0-4-gdea44cf6ec (webtiles) character file.

Game seed: 5191474161677981773

139 qw the Chopper (level 5, -2/30 HPs)
             Began as a Tengu Warper on Aug 28, 2022.
             Slain by Natasha (3 damage)
             ... on level 3 of the Dungeon.
             The game lasted 00:00:14 (2356 turns).

qw the Chopper (Tengu Warper)                       Turns: 2356, Time: 00:00:15

Health: -2/30      AC: 14    Str: 11    XL:     5   Next: 22%
Magic:  9/9        EV:  3    Int: 14    God:
Gold:   129        SH:  4    Dex: 13    Spells: 8/8 levels left

rFire   + . .      SeeInvis .   Y - +1 hand axe
rCold   . . .      Faith    .   (no shield)
rNeg    . . .      Spirit   .   d - +0 plate armour
rPois   .          Reflect  .   (helmet restricted)
rElec   .          Harm     .   (no cloak)
rCorr   .          Rampage  .   j - +0 pair of gloves
Will    .....                   (boots unavailable)
Stlth   ..........              (no amulet)
HPRegen 0.10/turn               b - ring of protection from fire
MPRegen 0.11/turn               (no ring)

@: flying quickly and evasively, slowed, very slow
A: beak, talons 3, nimble flight, iridescent scales 1, large bone plates 1, weak
1
a: no special abilities


You were on level 3 of the Dungeon.
You visited 1 branch of the dungeon, and saw 3 of its levels.

You collected 129 gold pieces.


Innate Abilities, Weirdness & Mutations

You have a beak for a mouth.
You have claws for feet.
Your magical nature lets you fly swiftly and evasively.
You are partially covered in iridescent scales. (AC +2)
You are partially covered in large bone plates. (SH +4)
You are weak. (Str -2)


   Skills:
 - Level 2.0 Fighting
 + Level 5.4 Axes
 - Level 1.0 Throwing
 - Level 2.1 Armour
 - Level 2.1 Dodging
 - Level 2.0 Spellcasting
 - Level 2.4 Translocations


You had 8 spell levels left.
You didn't know any spells.
Your spell library contained the following spells:

 Spells                   Type           Power      Damage    Failure   Level
 Blink                    Tloc           16%        N/A       100%        2
 Gell's Gravitas          Tloc           8%         N/A       100%        3
 Lesser Beckoning         Tloc           8%         N/A       100%        3
 Teleport Other           Tloc           8%         N/A       100%        3
 Manifold Assault         Tloc           8%         N/A       100%        5

Inventory:

Hand Weapons
 l - a +0 mace
 Y - a +1 hand axe (weapon)
Armour
 d - a +0 plate armour (worn)
 j - a +0 pair of gloves (worn)
Jewellery
 a - a +6 ring of intelligence
 b - a ring of protection from fire (left hand)
 g - a ring of poison resistance
Scrolls
 c - a scroll of teleportation {unknown}
 f - a scroll of identify
 k - a scroll of enchant armour {unknown}
 m - a scroll of vulnerability {unknown}
Potions
 e - a potion of curing
 h - a potion of haste {unknown}
 i - a potion of degeneration {unknown}

Dungeon Overview and Level Annotations

Branches:
Dungeon (3/15)

Altars:
Ashenzari
Qazlal
Ru
Yredelemnul

Shops:
D:1 !

Annotations:
D:3 Natasha


Message History

You feel yourself slow down.
You barely miss Natasha. Your kick misses Natasha. Natasha claws you.
You closely miss Natasha. Natasha casts a spell at you.
The magic dart hits you but does no damage.
The crimson imp blinks!
Natasha claws you but does no damage.
You barely miss Natasha.
You hit the crimson imp but do no damage.
The crimson imp hits you but does no damage.
Natasha casts a spell at you.
You feel as though you will be slow longer.
The crimson imp hits you but does no damage.
You hit Natasha. Your kick misses Natasha.
Natasha is lightly wounded.
You hit the crimson imp. Natasha claws you but does no damage.
You block the crimson imp's attack.
Natasha casts a spell.
You hit the crimson imp.
The crimson imp is heavily wounded.
You hit Natasha. You block the crimson imp's attack.
Natasha claws you but does no damage. The crimson imp hits you.
You hit the crimson imp. Your kick misses the crimson imp.
Your peck misses the crimson imp.
The crimson imp is heavily wounded.
You hit Natasha but do no damage. Natasha claws you but does no damage.
The crimson imp hits you but does no damage.
Natasha mewls in sadness.
Natasha claws you.
You hit the crimson imp but do no damage.
The crimson imp is heavily wounded.
You miss Natasha.
The crimson imp disappears in a puff of smoke!
Natasha claws you.
You closely miss Natasha. You peck Natasha, but do no damage.
Natasha is lightly wounded.
Natasha claws you but does no damage. Natasha claws you.
You die...

########)######
#.# #.#
######### #.#
#......[# #.#
#.#####.# #.#
#.# #.### #.#
#.# #....
#.########.#
#####
#5h@ยค......#
############


You could see Natasha and a crimson imp (summoned).

Vanquished Creatures
  Natasha (twice) (D:3)
  3 adders (D:2)
  2 dart slugs (D:1)
  8 orcs (D:3)
  6 ball pythons
  5 endoplasms
  3 giant cockroaches
  2 goblins
  A hobgoblin (D:1)
  3 jackals (D:2)
  3 quokkas
  3 bats
  4 frilled lizards
  2 kobolds (D:1)
  5 rats
52 creatures vanquished.

Vanquished Creatures (others)
  5 demonic plants (D:2)
  5 fungi (D:2)
  3 plants (D:2)
  A withered plant (D:2)
14 creatures vanquished.

Grand Total: 66 creatures vanquished

Notes
Turn   | Place    | Note
-------+----------+-------------------------------------------
     0 | D:1      | qw the Tengu Warper began the quest for the Orb.
     0 | D:1      | Reached XP level 1. HP: 12/12 MP: 4/4
     0 | D:1      | 0 ||| qw: Version: 0.1-a-89-g26bdef1
     0 | D:1      | 0 ||| qw: Game counter: 2473
     0 | D:1      | 0 ||| qw: Always use a shield: true
     0 | D:1      | 0 ||| qw: God list: Okawaru
     0 | D:1      | 0 ||| qw: Allow faded altars: false
     0 | D:1      | 0 ||| qw: Do Orc after D:15 true
     0 | D:1      | 0 ||| qw: Do second Lair branch before Depths: true
     0 | D:1      | 0 ||| qw: Lair rune preference: random
     0 | D:1      | 0 ||| qw: Plans: Normal
     0 | D:1      | 0 ||| PLANNING D:1-11
   171 | D:1      | Found Cixkyget's Distillery.
   179 | D:1      | 179 ||| SHOPLISTING 2 potions of curing (72 gold, have 0).
   179 | D:1      | 179 ||| SHOPLISTING 2 potions of heal wounds (120 gold,
                  | have 0).
   179 | D:1      | 179 ||| SHOPLISTING potion of cancellation (96 gold, have
                  | 0).
   179 | D:1      | 179 ||| SHOPLISTING potion of curing (36 gold, have 0).
   179 | D:1      | 179 ||| SHOPLISTING potion of heal wounds (60 gold, have
                  | 0).
   179 | D:1      | 179 ||| SHOPLISTING potion of mutation (96 gold, have 0).
   189 | D:1      | Reached skill level 3 in Axes
   189 | D:1      | Reached XP level 2. HP: 17/17 MP: 6/6
   305 | D:1      | 305 ||| UPGRADING to +0 plate armour.
   347 | D:1      | 347 ||| UPGRADING to +0 leather armour.
   352 | D:1      | 352 ||| UPGRADING to +0 plate armour.
   362 | D:1      | 362 ||| DROPPING +0 leather armour.
   375 | D:1      | HP: 3/17 [frozen (4)]
   760 | D:1      | 760 ||| Stepping ~*~*~tactically~*~*~ (stealth).
   761 | D:1      | 761 ||| Stepping ~*~*~tactically~*~*~ (stealth).
   992 | D:1      | 992 ||| UPGRADING to +0 pair of gloves.
  1024 | D:1      | 1024 ||| READING scroll labelled ONIAQI UCORI.
  1025 | D:1      | 1025 ||| READING 2 scrolls labelled VECWEO DIECISCH.
  1026 | D:1      | 1026 ||| READING scroll labelled CERIB TINAE.
  1027 | D:1      | 1027 ||| DRINKING 2 fuming red potions.
  1027 | D:1      | Gained mutation: You occasionally lose the ability to read
                  | scrolls when taking damage. [potion of mutation]
  1027 | D:1      | Gained mutation: You possess an exceptional clarity of
                  | mind. [potion of mutation]
  1027 | D:1      | Gained mutation: Your spells are a little harder to cast,
                  | but a little more powerful. [potion of mutation]
  1028 | D:1      | 1028 ||| DRINKING potion of mutation.
  1028 | D:1      | Lost mutation: You possess an exceptional clarity of mind.
                  | [potion of mutation]
  1028 | D:1      | Lost mutation: You occasionally lose the ability to read
                  | scrolls when taking damage. [potion of mutation]
  1028 | D:1      | Lost mutation: Your spells are a little harder to cast, but
                  | a little more powerful. [potion of mutation]
  1028 | D:1      | Gained mutation: You are partially covered in large bone
                  | plates. (SH +4) [potion of mutation]
  1028 | D:1      | Gained mutation: You occasionally lose the ability to read
                  | scrolls when taking damage. [potion of mutation]
  1028 | D:1      | Gained mutation: You have a pair of small horns on your
                  | head. [potion of mutation]
  1029 | D:1      | 1029 ||| DROPPING scroll of blinking.
  1074 | D:2      | 1074 ||| Stepping ~*~*~tactically~*~*~ (stealth).
  1078 | D:2      | Reached XP level 3. HP: 19/21 MP: 7/7
  1115 | D:2      | 1115 ||| Stepping ~*~*~tactically~*~*~ (stealth).
  1124 | D:2      | 1124 ||| Stepping ~*~*~tactically~*~*~ (stealth).
  1150 | D:2      | Reached skill level 4 in Axes
  1218 | D:2      | Reached XP level 4. HP: 21/26 MP: 8/8
  1484 | D:2      | 1484 ||| Stepping ~*~*~tactically~*~*~ (stealth).
  1535 | D:2      | Found a faded altar of an unknown god.
  1772 | D:2      | 1772 ||| Stepping ~*~*~tactically~*~*~ (stealth).
  1846 | D:2      | 1846 ||| UPGRADING to ring of protection from fire.
  1847 | D:2      | 1847 ||| DRINKING 2 sedimented silvery potions.
  1893 | D:2      | 1893 ||| READING 3 scrolls of identify.
  1893 | D:2      | 1893 ||| IDENTIFYING yellow potion
  1894 | D:2      | 1894 ||| READING 2 scrolls of identify.
  1894 | D:2      | 1894 ||| IDENTIFYING red potion
  1895 | D:2      | 1895 ||| DROPPING potion of lignification.
  1896 | D:2      | 1896 ||| DROPPING potion of attraction.
  1951 | D:3      | Found a stormy altar of Qazlal.
  1953 | D:3      | Found a sacrificial altar of Ru.
  1953 | D:3      | Found a broken altar of Ashenzari.
  1954 | D:3      | Found a basalt altar of Yredelemnul.
  1970 | D:3      | 1970 ||| DRINKING potion of mutation.
  1970 | D:3      | Lost mutation: You have a pair of small horns on your head.
                  | [potion of mutation]
  1970 | D:3      | Lost mutation: You occasionally lose the ability to read
                  | scrolls when taking damage. [potion of mutation]
  1970 | D:3      | Gained mutation: You are weak. (Str -2) [potion of
                  | mutation]
  1970 | D:3      | Gained mutation: You are partially covered in iridescent
                  | scales. (AC +2) [potion of mutation]
  1996 | D:3      | Noticed Natasha
  1997 | D:3      | 1997 ||| Stepping ~*~*~tactically~*~*~ (hiding).
  2007 | D:3      | Killed Natasha
  2079 | D:3      | 2079 ||| DROPPING +0 club.
  2285 | D:3      | Reached skill level 5 in Axes
  2287 | D:3      | Noticed Natasha
  2297 | D:3      | Killed Natasha
  2297 | D:3      | HP: 5/26 [orc/+0 hand axe (4)]
  2298 | D:3      | Gained mutation: Your magical nature lets you fly swiftly
                  | and evasively. [Tengu growth]
  2298 | D:3      | Reached XP level 5. HP: 5/30 MP: 9/9
  2330 | D:3      | Noticed Natasha
  2331 | D:3      | 2331 ||| FLEEEEING.
  2332 | D:3      | 2332 ||| FLEEEEING.
  2333 | D:3      | 2333 ||| FLEEEEING.
  2334 | D:3      | 2334 ||| FLEEEEING.
  2353 | D:3      | HP: 6/30 [crimson imp[Natasha] (2)]
  2355 | D:3      | HP: 1/30 [Natasha (3)]
  2356 | D:3      | Slain by Natasha

Levels and vault maps discovered:
D:1:      dpeg_arrival_castle, layout_basic, serial_glass, glass_columns_a,
          glass_columns_a, glass_columns_c, glass_columns_c, glass_columns_a,
          glass_columns_b, serial_shops, shop_statue
D:2:      layout_basic, shapermc_ecumenical_altar_gd
D:3:      layout_loops_ring, grunt_temple_overflow_open, uniq_natasha

Skill      XL: |  1  2  3  4 |
---------------+-------------+-----
Axes           | 3 4 5 |  5.4
Armour         | 2 |  2.1
Fighting       | |  2.0
Throwing       | |  1.0
Dodging        | |  2.1
Spellcasting   | |  2.0
Translocations | |  2.4

Action                   |  1- 3 |  4- 6 || total
-------------------------+-------+-------++-------
Melee: Hand axe          |    57 |    58 ||   115
       Kick              |    14 |     9 ||    23
       Peck              |     7 |     7 ||    14
       Headbutt          |     5 |     4 ||     9
Throw: Boomerang         |     7 |       ||     7
  Use: Scroll            |     3 |     2 ||     5
       Potion            |     2 |     2 ||     4
Armor: Plate armour      |    29 |    51 ||    80
       Leather armour    |     2 |       ||     2
Dodge: Dodged            |    16 |     6 ||    22
Block: Other             |     3 |    10 ||    13

Table legend:
 A = Non-vault XP
 B = Vault XP
 C = Vault XP percentage of total XP
 D = Non-vault monster count
 E = Vault monster count
 F = Vault count percentage of total count
                 A         B        C        D         E       F
            +---------+---------+-------+---------+---------+-------
      Total |     164 |      35 |  17.6 |      51 |       1 |   1.9
            +---------+---------+-------+---------+---------+-------
        D:1 |      32 |       0 |   0.0 |      17 |       0 |   0.0
        D:2 |      65 |       0 |   0.0 |      20 |       0 |   0.0
        D:3 |      67 |      35 |  34.3 |      14 |       1 |   6.7
            +---------+---------+-------+---------+---------+-------
